 Dungeon Crawl Stone Soup version 0.22.0-6-g71bd7aa6b3 (webtiles) character file.

1808 Jannitor the Ducker (level 8, -2/40 HPs)
             Began as a Spriggan Summoner on Aug 15, 2018.
             Was a Believer of Ru.
             Killed from afar by Erica (21 damage)
             ... with a bolt of poison
             ... on level 8 of the Dungeon.
             The game lasted 00:21:18 (10422 turns).

Jannitor the Ducker (Spriggan Summoner)            Turns: 10422, Time: 00:21:18

Health: -2/40      AC:  4    Str:  6    XL:     8   Next: 84%
Magic:  4/18       EV: 23    Int: 19    God:    Ru [**....]
Gold:   99         SH:  0    Dex: 18    Spells: 6/19 levels left

rFire    + . .     SeeInvis +   n - +3 dagger (venom)
rCold    . . .     Gourm    .   (shield restricted)
rNeg     . . .     Faith    +   v - +2 robe {rF+}
rPois    .         Spirit   .   (helmet restricted)
rElec    .         Reflect  .   (no cloak)
rCorr    .         Harm     .   (gloves unavailable)
MR       +....                  (boots unavailable)
Stlth    +++.......             f - amulet of faith
HPRegen  0.13/turn              w - +3 ring of intelligence
MPRegen  0.16/turn              r - +3 ring of dexterity

@: lethally poisoned (-2 -> -18), very slightly contaminated, very quick
A: very small, unfitting armour, see invisible, clumsy 1, herbivore, speed 3,
slow metabolism 2, unskilled 1
a: Renounce Religion


You were on level 8 of the Dungeon.
You worshipped Ru.
Ru was pleased with you.
You were not hungry.

You visited 2 branches of the dungeon, and saw 9 of its levels.

You collected 337 gold pieces.
You spent 238 gold pieces at shops.

Inventory:

Hand Weapons
 h - a +0 short sword
 n - a +3 dagger of venom (weapon)
 A - a +0 trident of distortion
 B - a -1 dagger
Armour
 a - a +1 robe
 v - a +2 robe of fire resistance (worn)
Jewellery
 f - an amulet of faith (around neck)
 r - a +3 ring of dexterity (right hand)
 s - an uncursed ring of ice
 w - a +3 ring of intelligence (left hand)
 y - an uncursed ring of protection from magic {unknown}
Wands
 q - a wand of paralysis (19)
Scrolls
 b - 5 scrolls of enchant weapon
 d - 2 scrolls of remove curse
 i - a scroll of amnesia
 j - 4 scrolls of teleportation
 l - 3 scrolls of vulnerability {unknown}
 m - 4 scrolls of enchant armour
 z - 2 scrolls of fog {unknown}
Potions
 e - a potion of might
 g - a potion of haste
 k - 2 potions of lignification
 o - 2 potions of flight
 p - a potion of brilliance
 t - 3 potions of heal wounds
 u - a potion of curing {unknown}
 x - 2 potions of agility
Comestibles
 c - 13 rations


   Skills:
 + Level 3.1 Fighting
 + Level 4.2 Short Blades
 + Level 7.1 Dodging
 - Level 4.0 Stealth
 - Level 6.2 Spellcasting
 + Level 5.2 Summonings
 + Level 0.1 Ice Magic


You had 6 spell levels left.
You knew the following spells:

 Your Spells              Type           Power        Failure   Level  Hunger
a - Summon Small Mammal   Summ           ####         1%          1    None
b - Call Imp              Summ           ####....     1%          2    None
c - Call Canine Familiar  Summ           ####....     3%          3    ##.....
d - Summon Guardian Gole  Hex/Summ       ###.....     11%         3    ##.....
e - Summon Ice Beast      Ice/Summ       ###.....     36%         4    ####...

Your spell library contained the following spells:

 Spells                   Type           Power        Failure   Level  Hunger
 Summon Lightning Spire   Summ/Air       ###.....     36%         4    ####...


Dungeon Overview and Level Annotations

Branches:
Dungeon (8/15)             Temple (1/1) D:7
   Lair: D:8-11

Altars:
Ashenzari
Cheibriados
Dithmenos
Elyvilon
Fedhas
Gozag
Makhleb
Nemelex Xobeh
Okawaru
Qazlal
Ru
Sif Muna
Trog
Uskayaw
Vehumet
Wu Jian
Xom
Yredelemnul
Zin
The Shining One

Shops:
D:5 }   D:6 }

Annotations:
D:4 1 runed door, Kirk's ghost, amateur GnWn
D:6 exclusion: door
D:8 Erica


Innate Abilities, Weirdness & Mutations

You are very small and have problems with some larger weapons.
You are too small for most types of armour.
You have supernaturally acute eyesight. (SInv)
You are clumsy. (Dex -2)
You are a herbivore.
You cover ground extremely quickly.
You need to consume almost no food.
You are somewhat unskilled. (-1 Apt)


Message History

Your ice beast barely misses Erica.
Unknown command.
You closely miss Erica.
Erica is heavily wounded.
Erica hits you with a scimitar of flaming!
Erica burns you.
Unknown command.
Your ice beast barely misses Erica.
Okay, then.
Something barely misses your ice beast.
Your ice beast barely misses Erica.
Press: ? - help, v - describe, . - travel
Here: Erica, wielding a scimitar of flaming and wearing a glowing robe (heavily wounded, poisoned)
The floor.
Unknown command.
Erica casts a spell at you. The bolt of poison hits you!
You are poisoned.
Ouch! That really hurt!
You die...

#...# #....... #[.## #.......
#. #...### ##.###### #.#
#.#...# ##..# #..#
#.#...###..## #..#
###...#......# ####
#..###...###..##..###..## #..
#..##........#....>....# #..#
#.###.@##.......#####..
.##...##Y.....##...<...#######
........o@###..##.............#
.....#.........##....÷..#.#####
....#.#................<...#
#.......#................####
#.......#...........)...†#
.....##...........#......#
.....................#..##


You could see Erica, an orc and a friendly ice beast.

Vanquished Creatures
  An orc warrior (D:6)
  A sky beast (D:7)
  A black bear (D:6)
  2 ogres
  2 centaurs (D:5)
  A scorpion (D:5)
  2 howler monkeys
  A bullfrog zombie (D:5)
  4 crimson imps
  3 hounds
  A jelly (D:7)
  2 orc priests
  An iguana (D:7)
  2 orc wizards
  3 worker ants
  8 adders
  A howler monkey skeleton (D:4)
  An ooze (D:3)
  2 adder skeletons
  3 dart slugs
  4 leopard geckos
  12 orcs
  6 giant cockroaches
  4 goblins
  5 hobgoblins
  3 jackals
  4 kobolds
  2 quokkas
  A ball python (D:4)
  5 bats
  6 frilled lizards
  A quokka zombie (D:7)
  5 rats
100 creatures vanquished.

Vanquished Creatures (collateral kills)
  A hungry ghost (D:7)
  A phantom (D:4)
  An ice beast (D:8)
  A bullfrog (D:7)
  2 scorpions
  2 howler monkeys (D:7)
  A jelly (D:6)
  A centaur skeleton (D:6)
  4 orc priests
  An iron imp (D:7)
  Jessica (D:3)
  An orc wizard (D:5)
  A worker ant (D:5)
  A hound zombie (D:8)
  Robin (D:2)
  2 adders
  A shadow imp (D:2)
  An ooze (D:1)
  2 worms (D:2)
  A dart slug (D:1)
  A leopard gecko (D:1)
  11 orcs
  A bat (D:1)
  A bat zombie (D:1)
  A giant cockroach (D:2)
  13 goblins
  6 hobgoblins
  7 jackals
  3 kobolds
  A quokka zombie (D:1)
  A rat (D:1)
73 creatures vanquished.

Grand Total: 173 creatures vanquished

Notes
Turn   | Place    | Note
-------+----------+-------------------------------------------
     0 | D:1      | Jannitor the Spriggan Summoner began the quest for the Orb.
     0 | D:1      | Reached XP level 1. HP: 9/9 MP: 5/5
   498 | D:1      | Reached XP level 2. HP: 13/13 MP: 3/6
  1072 | D:1      | Learned a level 2 spell: Call Imp
  1772 | D:2      | Found a sacrificial altar of Ru.
  1778 | D:2      | Noticed Robin
  2070 | D:2      | Found a shattered altar of Ashenzari.
  2310 | D:2      | Reached XP level 3. HP: 16/16 MP: 8/8
  3304 | D:2      | Noticed a scorpion
  3329 | D:2      | Killed a scorpion
  3329 | D:2      | Reached XP level 4. HP: 21/21 MP: 1/10
  3570 | D:2      | Became a worshipper of Ru the Awakened
  3593 | D:2      | Killed Robin
  4162 | D:3      | Noticed Jessica
  4400 | D:2      | Learned a level 3 spell: Call Canine Familiar
  4411 | D:3      | Killed Jessica
  4439 | D:3      | Reached skill level 4 in Dodging
  4451 | D:3      | Reached XP level 5. HP: 17/24 MP: 5/11
  5342 | D:4      | Found an ornate altar of the Wu Jian Council.
  5352 | D:4      | Reached skill level 1 in Short Blades
  5437 | D:4      | Reached XP level 6. HP: 24/29 MP: 13/13
  5472 | D:4      | Reached skill level 1 in Fighting
  5595 | D:4      | Found a runed door.
  5595 | D:4      | Noticed Kirk's ghost (amateur GnWn)
  5644 | D:4      | Reached skill level 5 in Dodging
  5756 | D:4      | Gained mutation: You are clumsy. (Dex -2) [Ru sacrifice]
  6349 | D:5      | Entered Level 5 of the Dungeon
  6528 | D:5      | Reached XP level 7. HP: 30/33 MP: 9/15
  6621 | D:5      | Found Commyor's Gadget Shoppe.
  6646 | D:5      | Reached skill level 5 in Spellcasting
  7723 | D:5      | Reached skill level 6 in Dodging
  7723 | D:5      | Reached skill level 5 in Summonings
  8127 | D:6      | Found a deep blue altar of Sif Muna.
  8151 | D:6      | Found Ofobaebbi's Gadget Shop.
  8158 | D:6      | Bought a wand of paralysis (15) for 238 gold pieces
  8349 | D:6      | Reached XP level 8. HP: 39/39 MP: 5/17
  8681 | D:6      | Gained mutation: You are somewhat unskilled. (-1 Apt) [Ru sacrifice]
  8681 | D:6      | Reached * piety under Ru
  8681 | D:6      | Reached ** piety under Ru
  8966 | D:7      | Found a sparkling altar of Nemelex Xobeh.
  8997 | D:7      | Reached skill level 5 in Summonings
  9077 | D:7      | Found a staircase to the Ecumenical Temple.
  9162 | D:7      | Found a snail-covered altar of Cheibriados.
  9318 | D:7      | Found a radiant altar of Vehumet.
  9887 | D:8      | Reached skill level 7 in Dodging
  9928 | D:8      | Noticed a two-headed ogre
  9929 | D:8      | Noticed Erica
  9999 | Temple   | Entered the Ecumenical Temple
 10088 | D:7      | Learned a level 3 spell: Summon Guardian Golem
 10093 | D:7      | Learned a level 4 spell: Summon Ice Beast
 10422 | D:8      | Killed from afar by Erica

Skill      XL: |  1  2  3  4  5  6  7  8 |
---------------+-------------------------+-----
Spellcasting   | 3 4 5 6 |  6.2
Summonings     | 4 5 5 |  5.2
Stealth        | 4 |  4.0
Dodging        | 4 5 6 7 |  7.1
Short Blades   | 1 2 3 4 |  4.2
Fighting       | 1 2 3 |  3.1
Ice Magic      | |  0.1

Action                   |  1- 3 |  4- 6 |  7- 9 || total
-------------------------+-------+-------+-------++-------
Melee: Unarmed           |    46 |       |       ||    46
       Short sword       |    90 |    40 |       ||   130
       Dagger            |       |   175 |   192 ||   367
 Cast: Summon Small Mamm |    27 |     3 |     4 ||    34
       Call Imp          |    24 |    20 |    37 ||    81
       Call Canine Famil |       |     2 |    10 ||    12
       Summon Ice Beast  |       |       |     5 ||     5
       Summon Guardian G |       |       |     1 ||     1
Invok: Sacrifice Purity  |       |     1 |       ||     1
       Sacrifice Skill   |       |       |     1 ||     1
Evoke: Wand              |       |       |     1 ||     1
  Use: Potion            |       |     3 |       ||     3
       Scroll            |       |       |    16 ||    16
 Stab: Sleeping          |     9 |    12 |     5 ||    26
       Distracted        |     1 |       |     2 ||     3
  Eat: Ration            |       |     2 |     4 ||     6
Armor: Robe              |    23 |     8 |    15 ||    46
Dodge: Dodged            |   153 |   171 |   141 ||   465
